 Dungeon Crawl Stone Soup version 0.27.0-1-g7a089689b8 (webtiles) character file.

Game seed: 108809439646586180

223464 inmateoo the Brawler (level 18, 0/223 HPs)
             Began as a Demonspawn Fighter on Aug 2, 2021.
             Was the Champion of Cheibriados.
             Killed by an exploding bloated husk (34 damage)
             ... on level 3 of the Swamp.
             The game lasted 00:57:55 (39082 turns).

inmateoo the Brawler (Demonspawn Fighter)          Turns: 39082, Time: 00:57:55

Health: 0/223      AC: 14    Str: 32    XL:     18   Next: 56%
Magic:  32/32      EV: 16    Int: 31    God:    Cheibriados [******]
Gold:   1779       SH: 21    Dex: 31    Spells: 37/37 levels left

rFire    . . .     SeeInvis +     - Unarmed
rCold    . . .     Faith    .   y - +0 tower shield of the Lost Path {rN+ rCorr}
rNeg     + . .     Spirit   .   a - +2 plate armour {rPois}
rPois    +         Reflect  .   b - +3 crown of Dyrovepreva {rElec Int+2 SInv}
rElec    +         Harm     .   B - +2 cloak
rCorr    +         Rampage  .   (gloves unavailable)
Will     ++...     Rnd*Rage +   c - +0 pair of boots
Stlth    ..........             m - amulet of regeneration
HPRegen  2.47/turn              G - +4 ring of slaying
MPRegen  0.23/turn              l - ring of willpower

@: berserking (expiring), corroded, studying Throwing, very slow
A: claws 3, yellow scales 1, foul stench 1, powered by death 3, berserk 1
}: 1/15 runes: gossamer
a: Renounce Religion, Bend Time, Temporal Distortion, Slouch, Step From Time


You were on level 3 of the Swamp.
You worshipped Cheibriados.
Cheibriados was exalted by your worship.
You visited 7 branches of the dungeon, and saw 33 of its levels.
You also visited: Ossuary and Ice Cave.

You collected 5221 gold pieces.
You spent 3442 gold pieces at shops.

Inventory:

Hand Weapons
 n - a +3 scimitar of flaming
Missiles
 H - a throwing net
Armour
 a - a +2 plate armour of poison resistance (worn)
 b - the +3 crown of Dyrovepreva (worn) {rElec Int+2 SInv}
   (You acquired it on level 5 of the Dungeon)

   Int:       It affects your intelligence (+2).
   rElec:     It insulates you from electricity.
   SInv:      It lets you see invisible.
 c - a +0 pair of boots (worn)
 y - the +0 tower shield of the Lost Path (worn) {rN+ rCorr}
   (You found it on level 5 of the Dungeon)

   rN:        It protects you from negative energy.
   rCorr:     It protects you from acid and corrosion.
 B - a +2 cloak (worn)
 Q - a +1 plate armour of cold resistance
Jewellery
 h - a ring of fire
 l - a ring of willpower (right claw)
 m - an amulet of regeneration (around neck)
 E - a ring of protection from cold
 G - a +4 ring of slaying (left claw)
Wands
 g - a wand of paralysis (7)
 v - a wand of iceblast (18) (quivered)
 A - a wand of acid (11)
 F - a wand of flame (54)
 J - a wand of digging (3)
 K - a wand of polymorph (9)
Scrolls
 j - 10 scrolls of teleportation
 k - 5 scrolls of fog
 p - 7 scrolls of enchant armour
 s - a scroll of fear
 x - a scroll of blinking
 z - 2 scrolls of amnesia
 C - 6 scrolls of immolation
 M - 20 scrolls of identify
 P - 2 scrolls of silence
 S - 6 scrolls of magic mapping
Potions
 d - a potion of might
 e - 6 potions of heal wounds
 f - 3 potions of cancellation
 q - 9 potions of ambrosia
 r - 5 potions of mutation
 t - 3 potions of flight
 u - 6 potions of curing
 w - 5 potions of brilliance
 D - 2 potions of magic
 I - 5 potions of lignification


   Skills:
 - Level 15.0 Fighting
 - Level 3.0 Long Blades
 - Level 10.0 Armour
 - Level 12.0 Dodging
 - Level 10.0 Shields
 * Level 17.1 Unarmed Combat
 - Level 10.0 Spellcasting
 - Level 12.0 Invocations
 - Level 5.0 Evocations


You had 37 spell levels left.
You didn't know any spells.
Your spell library contained the following spells:

 Spells                   Type           Power      Damage    Failure   Level
 Shock                    Conj/Air       60%        1d6       82%         1
 Ensorcelled Hibernation  Hex/Ice        30%        N/A       91%         2
 Dazzling Flash           Conj/Hex       30%        N/A       99%         3
 Ignite Poison            Fire/Tmut/Pois 15%        N/A       99%         3
 Mephitic Cloud           Conj/Pois/Air  15%        N/A       99%         3
 Spider Form              Tmut/Pois      7%         N/A       99%         3
 Stone Arrow              Conj/Erth      30%        3d8       99%         3
 Swiftness                Air            15%        N/A       99%         3
 Airstrike                Air            7%         N/A       100%        4
 Iskenderun's Mystic Bla  Conj/Tloc      15%        2d5       100%        4
 Passage of Golubria      Tloc           N/A        N/A       100%        4
 Blade Hands              Tmut           7%         N/A       100%        5
 Bolt of Magma            Conj/Fire/Erth 7%         4d6       100%        5
 Irradiate                Conj/Tmut      7%         3d16      100%        5
 Silence                  Hex/Air        7%         N/A       100%        5
 Shadow Creatures         Summ           N/A        N/A       100%        6
 Starburst                Conj/Fire      7%         8x6d4     100%        6
 Dragon Form              Tmut           7%         N/A       100%        7
 Malign Gateway           Summ/Tloc      7%         N/A       100%        7
 Lehudib's Crystal Spear  Conj/Erth      7%         10d3      100%        8
 Summon Horrible Things   Summ           7%         N/A       100%        8
 Shatter                  Erth           7%         3d10*     100%        9


Dungeon Overview and Level Annotations

Branches:
Dungeon (15/15)            Temple (1/1) D:7            Lair (6/6) D:11
  Swamp (3/4) Lair:4       Spider (4/4) Lair:2        Slime (0/5) Lair:6
    Orc (2/2) D:9             Elf (0/3) Orc:2        Vaults (0/5) D:14
 Depths (2/5) D:15        Ossuary (visited)           IceCv (visited)

Altars:
Ashenzari
Cheibriados
Dithmenos
Elyvilon
Fedhas
Gozag
Kikubaaqudgha
Makhleb
Nemelex Xobeh
Okawaru
Qazlal
Ru
Sif Muna
Trog
Uskayaw
Vehumet
Wu Jian
Xom
Yredelemnul
Zin
The Shining One
Beogh
Jiyva

Shops:
D:3 (   D:9 *([[(   D:11 [   D:13 ?:((?   Orc:1 ([[   Orc:2 ?**

Portals:
Hell: Depths:2
Pandemonium: Depths:2


Innate Abilities, Weirdness & Mutations

You have claws for hands.
You are partially covered in yellow scales. (AC +2)
You may rarely emit foul miasma when damaged in melee.
You regenerate a lot of health from kills.
You tend to lose your temper in combat.


Message History

* * * LOW HITPOINT WARNING * * *
The ghost crab claws you but does no damage.
You are too berserk!
Your unstable footing causes you to fumble your attack.
You are engulfed in spectral mist.
You block the spectral death drake's attack.
The goliath frog is engulfed in spectral mist.
You block the goliath frog's attack.
The swamp worm is engulfed in spectral mist.
The swamp worm closely misses you.
The spectral fenstrider witch hits you but does no damage.
The spectral fenstrider witch closely misses you.
The swamp dragon is engulfed in spectral mist.
The swamp dragon dies!
The spectral death drake barely misses you.
The ghost crab barely misses you.
The ghost crab claws you but does no damage.
You eviscerate the ghost crab!!!
You destroy the ghost crab!
Cheibriados appreciates the change of pace.
The spectral fenstrider witch fades away!
The spectral death drake fades away!
The spectral five-headed hydra fades away!
You are engulfed in spectral mist.
* * * LOW HITPOINT WARNING * * *
The goliath frog is engulfed in spectral mist.
The goliath frog hits you from afar.
* * * LOW HITPOINT WARNING * * *
You are splashed with acid.
You resist.
* * * LOW HITPOINT WARNING * * *
The swamp worm misses you.
Your life force feels restored.
Okay, then.
Your unstable footing causes you to fumble your attack.
You are engulfed in spectral mist.
The bloated husk explodes!
The blast of putrescent gases engulfs the swamp worm!!
The swamp worm dies!
The blast of putrescent gases engulfs you!!
You die...

♣♣♣♣ .. ♣♣♣≈≈♣♣♣
≈≈≈ ♣≈≈≈≈.≈♣
≈≈≈♣♣♣♣♣.≈≈≈..♣
♣≈≈....≈♣†..♣♣♣
♣♣.≈≈≈≈○○F†♣♣
♣≈.≈≈≈○○†○°♣
♣≈≈≈≈≈≈≈@○♣♣♣..
♣.≈§≈≈°...°°°...
♣§≈≈≈≈≈♣.○☼○....
♣♣♣...♣♣..○≈....
♣.§♣ ♣≈≈.≈≈§.≈
♣♣♣ ♣.≈§≈≈≈≈.
..≈≈≈≈≈≈§
.≈)≈≈≈..≈
≈≈.≈≈..


You could see a goliath frog.

Vanquished Creatures
  A lich (Depths:1)
  Kirke (Spider:3)
  Gastronok (D:7)
  A thorn hunter (Swamp:2)
  5 ghost moths
  2 fire giants (Depths:2)
  4 emperor scorpions (Spider:4)
  Louise (D:14)
  A reaper (IceCv)
  3 stone giants
  12 very ugly things
  2 vampire knights
  2 bunyips
  A spark wasp (Spider:3)
  6 entropy weavers
  The ghost of wakim the Thaumaturge, a journeyman DjFE of the Shining One (Lair:2)
  Snorg (Lair:5)
  2 jiangshi (Depths:2)
  An eleionoma (Swamp:1)
  5 fire dragons
  4 ettins
  A great orb of eyes (Depths:1)
  3 vault guards (D:14)
  A spriggan air mage (Depths:2)
  8 hydras
  4 ice dragons
  A catoblepas (D:14)
  11 boulder beetles
  An ice dragon (shapeshifter) (D:14)
  2 ghost crabs
  A centaur warrior (D:14)
  6 alligators
  3 vampire magi
  A deep troll shaman (Depths:1)
  4 two-headed ogres
  2 death knights
  Erica (D:11)
  2 deep troll earth magi (D:15)
  4 spriggan berserkers
  5 death yaks (Lair:6)
  The ghost of Brandom the Cleaver, a novice MiCK of Xom (D:8)
  Sonja (D:10)
  5 orc high priests (Orc:2)
  A fire crab (Lair:6)
  2 skeletal warriors (D:15)
  A fire crab (shapeshifter) (Depths:2)
  2 goliath frogs
  3 spriggan druids
  7 deep trolls
  A wizard (Depths:1)
  A death drake (Swamp:2)
  2 swamp dragons (Swamp:1)
  3 bog bodies
  7 orc knights
  3 necromancers
  20 orb spiders
  4 oklob plants (Lair:2)
  An orc sorcerer (Orc:2)
  5 deep elf pyromancers
  24 wolf spiders
  2 will-o-the-wisps (Swamp:2)
  21 ugly things
  A shadow dragon skeleton (D:15)
  A moth of wrath (Spider:4)
  3 manticores
  4 cyclopes
  An ice statue (IceCv)
  5 black mambas
  Joseph (D:8)
  A torpor snail (Lair:5)
  3 molten gargoyles (Lair:6)
  A gargoyle (D:12)
  15 cane toads
  2 kobold demonologists (D:11)
  A tengu conjurer (Depths:1)
  An efreet (D:13)
  Psyche (D:11)
  18 demonic crawlers
  A freezing wraith (D:15)
  A yaktaur (shapeshifter) (D:15)
  An ice devil (IceCv)
  An anaconda simulacrum (IceCv)
  4 entropy weaver simulacra (IceCv)
  A queen bee (Lair:1)
  14 komodo dragons
  4 trolls
  4 tyrant leeches
  3 meliai (Spider:2)
  3 polar bears
  39 jumping spiders
  6 hornets
  Grinder (D:6)
  Prince Ribbit (D:8)
  13 slime creatures
  A raiju (shapeshifter) (D:14)
  An ettin zombie (Depths:2)
  A fire giant simulacrum (Depths:2)
  7 dream sheep (Lair:6)
  A spriggan zombie (D:15)
  85 redbacks
  A spriggan (Swamp:1)
  33 tarantellas
  A shadow (D:12)
  7 wyverns
  A spriggan skeleton (D:15)
  3 wraiths
  8 humans (D:14)
  3 water elementals (D:15)
  48 yaks
  4 steam dragons
  A fire elemental (D:15)
  13 vampire mosquitoes
  4 basilisks (Lair:6)
  A hog (Spider:3)
  Grum (D:11)
  8 swamp worms
  A warg (Orc:1)
  2 acid dragons
  15 water moccasins
  4 hell hounds (Lair:6)
  A hornet zombie (D:8)
  33 orc warriors
  2 black bears
  A necrophage (D:6)
  17 wolves
  9 centaurs
  3 ogres
  The ghost of Torax the Skirmisher, an amateur DEFi (D:3)
  2 kobold brigands
  A phantom (D:3)
  6 elf zombies (Ossuary)
  18 bullfrogs
  4 scorpions
  5 cane toad simulacra (IceCv)
  10 two-headed ogre simulacra (IceCv)
  25 killer bees (Lair:1)
  5 elephant simulacra (IceCv)
  2 electric eels (D:15)
  3 wights (D:7)
  8 howler monkeys
  2 vampire bats (D:13)
  6 centaur zombies
  6 lava snakes
  3 human zombies (Ossuary)
  3 bullfrog skeletons
  6 hounds
  28 orc priests
  2 centaur skeletons
  Crazy Yiuf (D:2)
  A gnoll shaman (D:8)
  5 jellies
  2 iguanas
  11 orc wizards
  A troll simulacrum (IceCv)
  5 spriggan simulacra (IceCv)
  A polar bear simulacrum (IceCv)
  2 wolf simulacra (IceCv)
  A killer bee zombie (D:6)
  A hound skeleton (D:5)
  3 mummies (Ossuary)
  A howler monkey zombie (D:10)
  Robin (D:4)
  4 adders
  12 gnolls
  7 naga simulacra (IceCv)
  A shadow imp (D:6)
  5 white imps
  4 ufetubi
  2 adder skeletons (D:4)
  3 worms
  4 dart slugs
  68 orcs
  5 bats
  A bat skeleton (D:13)
  4 bat zombies (D:13)
  9 endoplasms
  5 giant cockroaches
  22 goblins
  6 hobgoblins
  15 jackals
  2 quokkas
  6 ball pythons
  3 frilled lizards
  A jackal skeleton (D:4)
  14 kobolds
  4 rats
1101 creatures vanquished.

Vanquished Creatures (collateral kills)
  2 very ugly things (Depths:2)
  A deep troll shaman (Depths:2)
  A deep troll earth mage (Depths:2)
  2 iron trolls (Depths:2)
  A spark wasp zombie (Depths:2)
  3 ugly things
  A spriggan simulacrum (Depths:2)
11 creatures vanquished.

Vanquished Creatures (others)
  A goliath frog (Swamp:2)
  A swamp dragon (Swamp:3)
  A stone giant skeleton (D:15)
  A komodo dragon (Lair:6)
  6 bloated husks
  4 humans
  2 swamp worms (Swamp:3)
  4 foxfires (Swamp:2)
  9 fungi
  40 plants
  6 withered plants (D:15)
75 creatures vanquished.

Grand Total: 1187 creatures vanquished

Notes
Turn   | Place    | Note
-------+----------+-------------------------------------------
     0 | D:1      | inmateoo the Demonspawn Fighter began the quest for the
                  | Orb.
     0 | D:1      | Reached XP level 1. HP: 18/18 MP: 1/1
    97 | D:1      | Gained mutation: You have sharp fingernails. [demonic
                  | ancestry]
    97 | D:1      | Reached XP level 2. HP: 20/24 MP: 2/2
   944 | D:2      | Reached XP level 3. HP: 15/29 MP: 3/3
  1140 | D:2      | Reached skill level 1 in Dodging
  1570 | D:2      | Gained mutation: You regenerate a little health from kills.
                  | [demonic ancestry]
  1570 | D:2      | Reached XP level 4. HP: 35/35 MP: 4/4
  1847 | D:2      | Found a faded altar of an unknown god.
  1948 | D:2      | Found a runed translucent door.
  1949 | D:2      | Noticed Crazy Yiuf
  2233 | D:3      | Found a bloodstained altar of Trog.
  2473 | D:3      | Noticed Torax's ghost (amateur DEFi)
  2487 | D:3      | Found a runed translucent door.
  2525 | D:3      | Found Fyjoar's Weapon Emporium.
  2550 | D:3      | Noticed an ogre
  2561 | D:3      | Killed an ogre
  2562 | D:3      | Reached XP level 5. HP: 15/42 MP: 5/5
  3226 | D:3      | Identified a scroll of acquirement
  3226 | D:3      | Acquired 808 gold pieces
  3326 | D:3      | Killed Torax's ghost
  3327 | D:3      | Reached skill level 1 in Unarmed Combat
  3327 | D:3      | Gained mutation: You have very sharp fingernails. [demonic
                  | ancestry]
  3327 | D:3      | Reached XP level 6. HP: 25/48 MP: 6/6
  4198 | D:3      | Reached skill level 2 in Unarmed Combat
  4198 | D:3      | Gained mutation: You have claws for hands. [demonic
                  | ancestry]
  4198 | D:3      | Reached XP level 7. HP: 31/55 MP: 7/7
  4973 | D:4      | Noticed Robin
  4992 | D:4      | Killed Robin
  5100 | D:5      | Entered Level 5 of the Dungeon
  5352 | D:5      | Identified the +0 tower shield of the Lost Path {rN+ rCorr}
  5510 | D:5      | Reached skill level 5 in Fighting
  5605 | D:5      | Reached skill level 3 in Unarmed Combat
  5605 | D:5      | Gained mutation: You may rarely emit foul miasma when
                  | damaged in melee. [demonic ancestry]
  5605 | D:5      | Reached XP level 8. HP: 26/62 MP: 8/8
  6220 | D:6      | Noticed Grinder
  6262 | D:6      | Paralysed by Grinder for 3 turns
  6272 | D:6      | Killed Grinder
  6273 | D:6      | Reached skill level 5 in Shields
  6280 | D:6      | Found a sand-covered staircase.
  6285 | Ossuary  | Entered an ossuary
  6359 | Ossuary  | Reached skill level 5 in Armour
  6653 | Ossuary  | Reached skill level 4 in Unarmed Combat
  6788 | Ossuary  | Reached XP level 9. HP: 61/69 MP: 9/9
  7050 | D:6      | Found a shimmering altar of Xom.
  7946 | D:6      | Found a basalt altar of Yredelemnul.
  7950 | D:6      | Found an ornate altar of the Wu Jian Council.
  7950 | D:6      | Found a sacrificial altar of Ru.
  7963 | D:6      | Found a blossoming altar of Fedhas.
  7966 | D:6      | Found an opulent altar of Gozag.
  8525 | D:7      | Found a staircase to the Ecumenical Temple.
  8532 | Temple   | Entered the Ecumenical Temple
  8917 | Temple   | Became a worshipper of Cheibriados the Contemplative
  9000 | D:7      | Reached skill level 5 in Dodging
  9808 | D:8      | Noticed Joseph
 10202 | D:8      | Killed Joseph
 10203 | D:8      | Reached skill level 5 in Unarmed Combat
 10637 | D:8      | Noticed Gastronok
 10760 | D:8      | Noticed Prince Ribbit
 10766 | D:8      | Noticed a two-headed ogre
 10779 | D:8      | Killed a two-headed ogre
 10780 | D:8      | Reached XP level 10. HP: 14/79 MP: 10/10
 11192 | D:8      | Found a stormy altar of Qazlal.
 11208 | D:8      | Reached * piety under Cheibriados
 11280 | D:5      | Acquired the +3 crown of Dyrovepreva {rElec Int+2 SInv}
 11281 | D:5      | Found the +3 crown of Dyrovepreva {rElec Int+2 SInv}
 11419 | D:2      | Killed Crazy Yiuf
 11704 | D:8      | Found a runed translucent door.
 11705 | D:8      | Noticed Brandom's ghost (novice MiCK)
 11753 | D:8      | Killed Prince Ribbit
 12304 | D:9      | Found Zaerizin's Antique Weapon Emporium.
 12394 | D:9      | Found Deafrying's Armour Shop.
 12413 | D:9      | Found Rulu Illa's Weapon Boutique.
 12440 | D:9      | Reached skill level 6 in Unarmed Combat
 12457 | D:9      | Reached ** piety under Cheibriados
 12499 | D:9      | Found a staircase to the Orcish Mines.
 12527 | D:9      | Found Eghuireth's Assorted Antiques.
 12535 | D:9      | Bought a scroll labelled ACIAWA HACS for 32 gold pieces
 12535 | D:9      | Bought a scroll of identify for 64 gold pieces
 12535 | D:9      | Bought a scroll labelled ACIAWA HACS for 32 gold pieces
 12535 | D:9      | Bought a twisted ivory ring for 160 gold pieces
 12535 | D:9      | Bought a potion of might for 128 gold pieces
 12564 | D:9      | Noticed a purple ugly thing
 12573 | D:9      | Killed a purple ugly thing
 12839 | D:9      | Found Ydimn's Antique Armour Emporium.
 12895 | D:9      | Found an ancient bone altar of Kikubaaqudgha.
 12985 | D:10     | Entered Level 10 of the Dungeon
 13170 | D:10     | Reached skill level 7 in Unarmed Combat
 13170 | D:10     | Reached XP level 11. HP: 19/87 MP: 11/11
 13649 | D:10     | Noticed Sonja
 13659 | D:10     | Killed Sonja
 14116 | D:10     | Reached *** piety under Cheibriados
 14574 | D:11     | Noticed Erica
 14574 | D:11     | Noticed Grum
 14588 | D:11     | Killed Erica
 14601 | D:11     | Killed Grum
 14870 | D:11     | Found Nyuloucicu's Antique Armour Shop.
 14878 | D:11     | Bought a runed cloak for 225 gold pieces
 14927 | D:11     | Found a staircase to the Lair.
 14947 | D:11     | Noticed Psyche
 14957 | D:11     | Killed Psyche
 15040 | D:11     | Noticed a boulder beetle
 15055 | D:11     | Killed a boulder beetle
 15078 | D:11     | Noticed a soul eater
 15090 | D:11     | Reached skill level 8 in Unarmed Combat
 15472 | Lair:1   | Entered Level 1 of the Lair of Beasts
 15570 | Lair:1   | Reached **** piety under Cheibriados
 15609 | Lair:1   | Reached skill level 10 in Fighting
 15636 | Lair:1   | Reached skill level 5 in Invocations
 15649 | Lair:1   | Reached ***** piety under Cheibriados
 15650 | Lair:1   | Reached XP level 12. HP: 80/97 MP: 9/15
 16119 | Lair:2   | Found a shimmering altar of Xom.
 16152 | Lair:2   | Reached skill level 9 in Unarmed Combat
 16283 | Lair:2   | Found a runed translucent gate.
 16283 | Lair:2   | Found a runed translucent gate.
 16283 | Lair:2   | Found a runed translucent gate.
 16283 | Lair:2   | Noticed wakim's ghost (journeyman DjFE)
 16415 | Lair:2   | Noticed a six-headed hydra
 16424 | Lair:2   | Killed a one-headed hydra
 16625 | Lair:2   | Found a hole to the Spider Nest.
 17562 | Lair:3   | Reached skill level 10 in Dodging
 17640 | Lair:3   | Reached skill level 10 in Unarmed Combat
 17818 | Lair:3   | Reached skill level 1 in Spellcasting
 17818 | Lair:3   | Reached skill level 1 in Evocations
 18551 | D:7      | Killed Gastronok
 18552 | D:7      | Reached XP level 13. HP: 63/103 MP: 19/19
 18784 | D:8      | Killed Brandom's ghost
 19365 | Lair:4   | Reached ****** piety under Cheibriados
 19378 | Lair:4   | Found a staircase to the Swamp.
 20292 | Lair:5   | Found a frozen archway.
 20302 | IceCv    | Entered an ice cave
 20615 | IceCv    | Found the +4 skin of Zhor {*Englaciate rC+++ SInv}
 21703 | IceCv    | Noticed a reaper
 21710 | IceCv    | Killed a reaper
 21978 | IceCv    | Identified the +6 halberd of the Endless Expanse {vamp, rF+
                  | Int+4 Dex+2}
 21999 | Lair:5   | Noticed Snorg
 22005 | Lair:5   | Killed Snorg
 22321 | Lair:6   | Entered Level 6 of the Lair of Beasts
 22321 | Lair:6   | Found a viscous altar of Jiyva.
 22321 | Lair:6   | Found a staircase to the Slime Pits.
 22335 | Lair:5   | Reached skill level 10 in Invocations
 23012 | Lair:6   | Reached XP level 14. HP: 100/113 MP: 21/21
 23135 | Lair:6   | Reached skill level 5 in Evocations
 23492 | Lair:6   | Reached skill level 11 in Unarmed Combat
 23665 | Lair:6   | Reached skill level 5 in Spellcasting
 24358 | Lair:6   | Found a large runed translucent door.
 24359 | Lair:6   | Found a large runed translucent door.
 25116 | Lair:2   | Killed wakim's ghost
 25519 | D:12     | Found a hide-covered altar of Uskayaw.
 26160 | D:13     | Found Vamoam's Weapon Shop.
 26202 | D:13     | Found Ocsitric's Book Emporium.
 26204 | D:13     | You fall into a shaft and drop 2 floors!
 26204 | D:15     | Entered Level 15 of the Dungeon
 26366 | D:14     | Noticed Louise
 26374 | D:14     | Killed Louise
 26419 | D:13     | Found Tobuoge's Antique Weapon Shop.
 26453 | D:13     | Found Taxisk's Magic Scroll Emporium.
 26456 | D:13     | Bought a scroll of teleportation for 51 gold pieces
 26815 | D:13     | Found Ciafemm's Magic Scroll Shoppe.
 26818 | D:13     | Bought a scroll of teleportation for 45 gold pieces
 26818 | D:13     | Bought a scroll of teleportation for 45 gold pieces
 26818 | D:13     | Bought a scroll of blinking for 112 gold pieces
 27305 | D:14     | Found a sparkling altar of Nemelex Xobeh.
 27438 | D:14     | Gained mutation: You are partially covered in yellow
                  | scales. (AC +2) [demonic ancestry]
 27438 | D:14     | Reached XP level 15. HP: 83/120 MP: 24/24
 27451 | D:14     | Identified the +3 arbalest "Brush" {freeze, Contam rPois
                  | rC++ Str+2}
 27464 | D:14     | Reached skill level 12 in Unarmed Combat
 27578 | D:14     | Found a gate to the Vaults.
 27925 | D:13     | Found an ancient bone altar of Kikubaaqudgha.
 28484 | D:15     | Found a staircase to the Depths.
 29093 | Orc:1    | Entered Level 1 of the Orcish Mines
 29093 | Orc:1    | Found Rediadgha's Antique Armour Emporium.
 29125 | Orc:1    | Found Feats's Weapon Shoppe.
 29129 | Orc:1    | Found Yrghoso's Antique Armour Boutique.
 29306 | Orc:2    | Entered Level 2 of the Orcish Mines
 29678 | Orc:2    | Found a staircase to the Elven Halls.
 29901 | Orc:2    | Gained mutation: You tend to lose your temper in combat. [a
                  | neqoxec]
 29965 | Orc:2    | Found Dihe's General Store.
 29968 | Orc:2    | Found Bisaureh's Armour Boutique.
 29969 | Orc:2    | Found Mynk's Magic Scroll Shop.
 29970 | Orc:2    | Found Zudon's General Store.
 29978 | Orc:2    | Bought a potion of might for 52 gold pieces
 29978 | Orc:2    | Bought 2 scrolls of magic mapping for 91 gold pieces
 29978 | Orc:2    | Bought a potion of curing for 39 gold pieces
 29978 | Orc:2    | Bought 2 scrolls of teleportation for 78 gold pieces
 29978 | Orc:2    | Bought 2 potions of cancellation for 208 gold pieces
 29981 | Orc:2    | Bought a scroll of fear for 52 gold pieces
 29981 | Orc:2    | Bought a scroll of summoning for 142 gold pieces
 30157 | D:13     | Bought a scroll of acquirement for 884 gold pieces
 30159 | D:13     | Acquired 695 gold pieces
 30163 | D:13     | Bought a scroll of acquirement for 884 gold pieces
 30165 | D:13     | Acquired 1271 gold pieces
 30169 | D:13     | Bought a scroll of magic mapping for 59 gold pieces
 30169 | D:13     | Bought a scroll of magic mapping for 59 gold pieces
 30221 | Depths:1 | Entered Level 1 of the Depths
 30751 | Depths:1 | Noticed a lich
 30769 | Depths:1 | Killed a lich
 30777 | Depths:1 | Reached skill level 13 in Unarmed Combat
 30852 | Depths:2 | Reached XP level 16. HP: 129/129 MP: 27/27
 31338 | Depths:1 | Paralysed by a vampire knight for 7 turns
 31633 | Depths:1 | You fall into a shaft and drop 1 floor!
 31749 | Depths:2 | Found a hide-covered altar of Uskayaw.
 31750 | Depths:2 | Found a shadowy altar of Dithmenos.
 31751 | Depths:2 | Found a radiant altar of Vehumet.
 32018 | Depths:2 | Found a one-way gate leading to the halls of Pandemonium.
 32018 | Depths:2 | Found a gateway to Hell.
 32036 | Depths:2 | Reached skill level 14 in Unarmed Combat
 32473 | Swamp:1  | Entered Level 1 of the Swamp
 32591 | Spider:1 | Entered Level 1 of the Spider Nest
 32861 | Spider:1 | Gained mutation: You regenerate health from kills. [demonic
                  | ancestry]
 32861 | Spider:1 | Reached XP level 17. HP: 137/137 MP: 29/29
 34007 | Spider:2 | Identified the +3 helmet of Plog {rF+}
 34100 | Spider:2 | Reached skill level 10 in Armour
 34140 | Spider:2 | Reached skill level 10 in Shields
 35521 | Spider:3 | Reached skill level 15 in Unarmed Combat
 35562 | Spider:3 | Noticed Kirke
 35593 | Spider:3 | Killed Kirke
 36604 | Spider:4 | Entered Level 4 of the Spider Nest
 36613 | Spider:4 | Reached skill level 10 in Spellcasting
 37084 | Spider:4 | HP: 6/140 [wolf spider (16)]
 37109 | Spider:4 | Gained mutation: You regenerate a lot of health from kills.
                  | [demonic ancestry]
 37109 | Spider:4 | Reached XP level 18. HP: 66/147 MP: 32/32
 37227 | Spider:4 | Reached skill level 16 in Unarmed Combat
 37598 | Spider:4 | Got a gossamer rune of Zot
 37891 | Swamp:1  | Found a broken altar of Ashenzari.
 38725 | Swamp:2  | Reached skill level 15 in Fighting
 39021 | Swamp:2  | You fall into a shaft and drop 1 floor!
 39033 | Swamp:2  | Reached skill level 17 in Unarmed Combat
 39082 | Swamp:3  | Killed by an exploding bloated husk

Illustrated notes

Levels and vault maps discovered:
D:1:      lemuel_arrival_tunnels, layout_rooms, serial_forest,
          infiniplex_forest_lined_3, infiniplex_forest_corner_1,
          infiniplex_forest_end_double, infiniplex_forest_lined_3,
          infiniplex_forest_clump_diagonal, infiniplex_forest_clump_long,
          infiniplex_forest_clump_C, infiniplex_forest_fountain,
          infiniplex_forest_corner_1, infiniplex_forest_lined_corner
D:2:      layout_basic, chequers_ecumenical_altar_twisty,
          uniq_crazy_yiuf_cottage
D:3:      layout_basic, lemuel_crystal_altar, serial_shops, shop,
          hellmonk_ghost_happy_afterlife
D:4:      kennysheep_goblin_castle, layout_rooms, minmay_vboxes
D:5:      layout_cave_pools
D:6:      layout_loops_ring, minmay_overflow_temple_star_hex,
          kennysheep_little_box, enter_ossuary_5, minmay_misc_feat_tower,
          uniq_grinder
D:7:      layout_basic, minmay_temple_entry_tees
D:8:      layout_loops_ring, nicolae_qazlal_scattered_showers,
          ebering_ghost_inner_flame, minmay_manual_macuahuitl, uniq_joseph,
          uniq_gastronok, uniq_prince_ribbit1
D:9:      layout_cave_pools, nicolae_overflow_hidden_temple, david_orc_5,
          serial_shops, nicolae_shop_crystal, nicolae_square_shop,
          nicolae_take_the_stairs, shop, shop, chequers_serial_rivers_large_a,
          minivault_25
D:10:     layout_basic, uniq_sonja
D:11:     layout_small_grid, lair_entry_dummy, serial_shops, shop_fountains,
          kennysheep_generic_room_6, uniq_erica, uniq_psyche, uniq_grum
D:12:     layout_rooms, minmay_statues_item, nicolae_uskayaw_en_pointe
D:13:     layout_grid_maze, serial_shops, shop, nicolae_shop_crystal,
          nicolae_diamond_shop, kennysheep_mini_moat, nicolae_shop_behind_doors,
          kennysheep_vampire_church
D:14:     layout_roguey, ximxim_vaults_locker_room, minmay_misc_feat_encased,
          nemelex_altar_shiori, uniq_louise
D:15:     gammafunk_depths_entry_grave, layout_basic, serial_bayou,
          serial_bayou_pond_c, serial_bayou_shore_b, serial_bayou_lake_a,
          serial_bayou_pond_d, grunt_decor_junction
Temple:   minmay_temple_forest_path
Lair:1:   layout_hall_layers, special_room [special_room_bee]
Lair:2:   minmay_lair_oklob_tunnel, layout_loops_ring,
          nicolae_spider_entry_tight_spaces, basic_altar,
          ebering_ghost_rock_garden, minivault_26
Lair:3:   layout_regular_city
Lair:4:   layout_gridlike, skrybe_swamp_entry_bodies,
          chequers_serial_rivers_room_b
Lair:5:   layout_hall_layers, portal_ice_cave_entry_pillars_2, uniq_snorg
Lair:6:   cheibrodos_lair_end_hotspot, layout_cave_pods, slime_altar_1
Swamp:1:  layout_falls_marsh, basic_altar, swamp_pool4, nicolae_swamp_oxbows,
          infiniplex_staircase_pool_2
Swamp:2:  layout_basic_swamp, serial_swamp_ruin, evilmike_swamp_ruin_house_4,
          evilmike_swamp_ruin_rubble_2, evilmike_swamp_ruin_house_5,
          swamp_pool1, lightli_tree_ring, infiniplex_staircase_pool
Swamp:3:  layout_basic_swamp, nicolae_swamp_triple_paths
Spider:1: layout_chambers, drop_trap, nicolae_spider_circle_web
Spider:2: layout_chambers
Spider:3: layout_chambers, nicolae_spider_rock_and_or_roll, uniq_kirke
Spider:4: spider_rune_water
Orc:1:    layout_diamond_mine, basic_altar, serial_shops, nicolae_diamond_shop,
          nicolae_diamond_shop, shop, nicolae_shop_overgrown_old_shop,
          nicolae_shop_temple_entry_statues_fountains
Orc:2:    st_orc_pillars, layout_diamond_mine
Depths:1: layout_basic, chequers_serial_rivers_marsh, lightli_too_deep,
          hangedman_abyss_or_decor_stagger, st_stairs_7, grunt_ministairs_9,
          evilmike_minifort
Depths:2: hangedman_slaughterboxes, pan_entry, hell_entry

Skill      XL: |  1  2  3  4  5  6  7  8  9 10 11 12 13 14 15 16 17 18 |
---------------+-------------------------------------------------------+-----
Long Blades    | 2 3 |  3.0
Shields        | 3 4 5 6 7 8 9 10 | 10.0
Armour         | 3 4 5 6 7 8 9 10 | 10.0
Dodging        | 1 2 3 4 5 7 8 10 11 12 | 12.0
Fighting       | 4 5 6 7 8 10 11 12 13 14 15 | 15.0
Unarmed Combat | 1 2 3 4 5 7 8 10 11 13 14 15 17 | 17.1
Invocations    | 5 8 10 11 12 | 12.0
Spellcasting   | 1 4 6 7 8 10 | 10.0
Evocations     | 2 4 5 |  5.0

Action                   |  1- 3 |  4- 6 |  7- 9 | 10-12 | 13-15 | 16-18 || total
-------------------------+-------+-------+-------+-------+-------+-------++-------
Melee: Long sword        |   136 |   194 |   657 |   170 |       |       ||  1157
       Unarmed           |       |       |       |   440 |  1184 |  1089 ||  2713
       Hand axe          |       |       |       |     7 |       |       ||     7
       Scimitar          |       |       |       |       |     4 |    21 ||    25
Invok: Slouch            |       |       |       |     1 |     8 |    12 ||    21
Evoke: Wand              |       |       |     3 |    22 |    17 |    65 ||   107
  Use: Scroll            |       |     9 |    12 |    13 |    12 |     5 ||    51
       Potion            |       |     1 |       |       |     4 |     3 ||     8
 Stab: Distracted        |       |       |     1 |       |     1 |     1 ||     3
       Paralysed         |       |       |    19 |     5 |       |     1 ||    25
       Invisible         |       |       |       |       |     3 |       ||     3
       Fleeing           |       |       |       |       |     1 |       ||     1
       Held in net/web   |       |       |       |       |       |     2 ||     2
Armor: Scale mail        |    68 |   103 |   342 |    12 |       |       ||   525
       Plate armour      |       |       |       |   316 |   236 |   645 ||  1197
       Chain mail        |       |       |       |       |   139 |       ||   139
       Animal skin       |       |       |       |       |     3 |       ||     3
Dodge: Dodged            |    51 |    53 |   282 |   276 |   614 |   817 ||  2093
Block: Kite shield       |    83 |    93 |   406 |   577 |   359 |       ||  1518
       Tower shield      |       |       |       |       |   827 |  1694 ||  2521
       Rpst.: Long sword |    17 |    12 |    68 |    18 |       |       ||   115
       Scimitar          |       |       |       |       |       |     4 ||     4
